 Dungeon Crawl Stone Soup version 0.22.1-1-ga44c0e56f4 (webtiles) character file.

942 Inquisition the Digger (level 8, -1/46 HPs)
             Began as a Gargoyle Earth Elementalist on Oct 3, 2018.
             Slain by an orc
             ... wielding a +0 mace
              (7 damage)
             ... on level 5 of the Dungeon.
             The game lasted 01:07:56 (4930 turns).

Inquisition the Digger (GrEE)                       Turns: 4930, Time: 01:07:57

Health: -1/46      AC:  9    Str: 11    XL:     8   Next: 12%
Magic:  1/18       EV: 12    Int: 19    God:
Gold:   264        SH:  0    Dex: 10    Spells: 3/18 levels left

rFire    . . .     SeeInvis .   A - -3 short sword (curse)
rCold    . . .     Gourm    .   (no shield)
rNeg     + . .     Faith    .   l - +0 robe (curse)
rPois    ∞         Spirit   .   O - +1 hat
rElec    +         Reflect  .   (no cloak)
rCorr    .         Harm     .   (no gloves)
MR       .....                  (no boots)
Stlth    ++........             (no amulet)
HPRegen  0.15/turn              (no ring)
MPRegen  0.16/turn              (no ring)

@: no status effects
A: antennae 1, high mp 1, negative energy resistance 1, shaggy fur 1,
electricity resistance, unbreathing, petrification resistance, rot immunity, AC
+5
a: no special abilities


You were on level 5 of the Dungeon.
You were not hungry.

You visited 1 branch of the dungeon, and saw 5 of its levels.

You collected 264 gold pieces.

Inventory:

Hand Weapons
 a - a +0 whip
 f - a +1 hand axe
 o - a +0 club
 p - a +0 hunting sling
 r - a +0 trident of venom
 t - a +3 falchion of venom
 v - a +0 halberd
 w - a +0 glaive
 A - a cursed -3 short sword (weapon)
 D - a +0 spear
Missiles
 b - 23 stones (quivered)
 e - 97 arrows
 k - 74 bolts
 q - 25 sling bullets
 y - 4 tomahawks
 B - 17 poisoned needles
Armour
 c - a +0 robe
 g - a +0 ring mail
 h - a cursed +0 ring mail
 l - a cursed +0 robe (worn)
 m - a +0 robe
 s - a +0 chain mail
 u - a +0 scale mail
 x - a +0 robe of cold resistance
 z - a +0 chain mail
 N - a +0 plate armour
 O - a +1 hat (worn)
Magical Staves
 F - an uncursed staff of earth
Scrolls
 i - 7 scrolls of identify
Potions
 E - a potion of brilliance
 G - a potion of berserk rage
Comestibles
 d - 7 rations


   Skills:
 * Level 3.4 Fighting
 - Level 0.6 Axes
 - Level 0.1 Throwing
 + Level 0.2 Armour
 * Level 3.0 Dodging
 * Level 3.3 Stealth
 * Level 5.8 Spellcasting
 - Level 0.2 Conjurations
 + Level 0.7 Transmutations
 + Level 6.0 Earth Magic


You had 3 spell levels left.
You knew the following spells:

 Your Spells              Type           Power        Failure   Level  Hunger
a - Sandblast             Erth           ####..       1%          1    None
b - Passwall              Tmut/Erth      ###.....     4%          2    None
c - Stone Arrow           Conj/Erth      ###...       10%         3    ##.....
d - Petrify               Tmut/Erth      ###.....     28%         4    ####...
e - Lee's Rapid Deconstr  Erth           ####......   26%         5    #####..

Your spell library contained the following spells:

 Spells                   Type           Power        Failure   Level  Hunger
 Magic Dart               Conj           #...         11%         1    None
 Blink                    Tloc           N/A          17%         2    None
 Call Imp                 Summ           #.......     17%         2    None
 Slow                     Hex            #.......     17%         2    None
 Conjure Flame            Conj/Fire      #.......     32%         3    ##.....
 Mephitic Cloud           Conj/Pois/Air  #.......     32%         3    ##.....


Dungeon Overview and Level Annotations

Branches:
Dungeon (5/15)
 Temple: D:4-7

Altars:

Annotations:
D:4 Eustachio


Innate Abilities, Weirdness & Mutations

You are resistant to torment.
Your stone body is resilient. (AC +5)
You are immune to poison.
You resist negative energy. (rN+)
You are resistant to electric shocks. (rElec)
You can survive without breathing.
You are immune to petrification.
You are immune to rotting.
You have a pair of small antennae on your head.
You have an increased reservoir of magic. (+10% MP)
You are covered in fur. (AC +1)


Message History

Confirm with . or Enter, or press ? or * to list all spells.
Aiming: Passwall (safe; 4% risk of failure)
Press: ? - help, Dir - move target cursor, f - you, p - scorpion Please select a wall.
Okay, then.
Casting: Passwall (safe; 4% risk of failure)
Confirm with . or Enter, or press ? or * to list all spells.
Aiming: Passwall (safe; 4% risk of failure)
Press: ? - help, Dir - move target cursor, p - scorpion A rock wall.
This rock feels extremely deep.
The scorpion stings you.
* * * LOW HITPOINT WARNING * * *
The phantom blinks!
The scorpion barely misses you.
The phantom blinks!
Casting: Passwall (safe; 4% risk of failure)
Confirm with . or Enter, or press ? or * to list all spells.
You don't have enough magic to cast that spell.
The orc closely misses you. The orc hits you with a mace!
You die...

(......##.#.#...
(...(.. #.#.#.# ..
.......##.#...# .....
...(..........##.....
.(........W....#.....
##(.............#....
.#.................
#.%...............
#......@s.........
#......#o..##....
#....####### ...
#.... #####


You could see a phantom, a scorpion and an orc.

Vanquished Creatures
  Grinder (D:3)
  A sky beast (D:5)
  Blork the orc (D:4)
  2 centaur zombies
  An orc priest (D:4)
  A centaur skeleton (D:4)
  Natasha (D:2)
  Terence (D:1)
  An orc wizard (D:3)
  A worker ant (D:3)
  2 hound zombies (D:4)
  2 hound skeletons (D:4)
  A howler monkey zombie (D:4)
  2 worker ant zombies (D:4)
  6 gnolls (D:3)
  6 adders
  2 oozes
  An adder zombie (D:4)
  3 worms
  5 leopard geckos
  15 orcs
  2 ball pythons
  5 bats
  7 giant cockroaches
  5 goblins
  10 hobgoblins
  8 jackals
  5 kobolds
  5 quokkas
  3 frilled lizards
  A giant cockroach zombie (D:4)
  A quokka skeleton (D:4)
  A quokka zombie (D:4)
  13 rats
  A withered plant (D:4)
123 creatures vanquished.

Notes
Turn   | Place    | Note
-------+----------+-------------------------------------------
     0 | D:1      | Inquisition the Gargoyle Earth Elementalist began the quest
                  | for the Orb.
     0 | D:1      | Reached XP level 1. HP: 10/10 MP: 3/3
   283 | D:1      | Reached skill level 4 in Earth Magic
   283 | D:1      | Reached XP level 2. HP: 15/15 MP: 5/5
   813 | D:1      | Reached XP level 3. HP: 20/20 MP: 3/6
   943 | D:2      | Learned a level 2 spell: Passwall
   947 | D:2      | Learned a level 3 spell: Stone Arrow
  1185 | D:2      | Reached skill level 1 in Fighting
  1419 | D:2      | Noticed Natasha
  1471 | D:2      | Killed Natasha
  1471 | D:2      | Reached XP level 4. HP: 24/25 MP: 1/8
  1528 | D:2      | Noticed Terence
  1626 | D:1      | Killed Terence
  2098 | D:2      | Reached XP level 5. HP: 27/29 MP: 9/9
  2247 | D:2      | Gained mutation: You are covered in fur. (AC +1) [potion of
                  | mutation]
  2247 | D:2      | Gained mutation: You have an increased reservoir of magic.
                  | (+10% MP) [potion of mutation]
  2247 | D:2      | Gained mutation: You have a pair of small antennae on your
                  | head. [potion of mutation]
  2538 | D:3      | Noticed Grinder
  2542 | D:3      | Reached XP level 6. HP: 35/35 MP: 2/13
  2576 | D:3      | Killed Grinder
  2576 | D:3      | Reached skill level 5 in Earth Magic
  2576 | D:3      | Reached XP level 7. HP: 15/40 MP: 2/15
  3387 | D:3      | Reached skill level 5 in Spellcasting
  3698 | D:3      | Learned a level 4 spell: Petrify
  3704 | D:3      | Learned a level 5 spell: Lee's Rapid Deconstruction
  4278 | D:4      | Noticed Blork the orc
  4290 | D:4      | Killed Blork the orc
  4846 | D:5      | Entered Level 5 of the Dungeon
  4846 | D:5      | Noticed Eustachio
  4853 | D:5      | Reached XP level 8. HP: 45/46 MP: 3/18
  4876 | D:5      | Reached skill level 6 in Earth Magic
  4930 | D:5      | Slain by an orc

Skill      XL: |  1  2  3  4  5  6  7  8 |
---------------+-------------------------+-----
Earth Magic    | 4 5 6 |  6.0
Fighting       | 1 2 3 |  3.4
Spellcasting   | 3 4 5 |  5.8
Dodging        | 2 3 |  3.0
Stealth        | 3 |  3.3
Axes           | |  0.6
Throwing       | |  0.1
Armour         | |  0.2
Conjurations   | |  0.2
Transmutations | |  0.7

Action                   |  1- 3 |  4- 6 |  7- 9 || total
-------------------------+-------+-------+-------++-------
Melee: Hand axe          |    59 |    65 |       ||   124
       Staff             |       |    16 |   212 ||   228
       Short sword       |       |       |     2 ||     2
Throw: Stone             |    30 |       |    47 ||    77
 Cast: Sandblast         |    22 |    26 |    40 ||    88
       Stone Arrow       |     5 |     6 |    55 ||    66
       Passwall          |       |       |     1 ||     1
  Use: Scroll            |     3 |     2 |     3 ||     8
       Potion            |       |     3 |     1 ||     4
 Stab: Sleeping          |     4 |     1 |       ||     5
  Eat: Chunk             |     3 |     1 |     7 ||    11
       Ration            |       |     1 |     2 ||     3
Armor: Robe              |    12 |    24 |   118 ||   154
       Ring mail         |    16 |       |       ||    16
       Skin              |       |     6 |       ||     6
Dodge: Dodged            |    42 |    42 |   168 ||   252
